 Dungeon Crawl Stone Soup version 0.31-a0-1603-gbec6b6ccbf (webtiles) character file.

Game seed: 2631845580422755644

2809 TheDoctor the Arsonist (level 9, -14/45 HPs)
             Began as a Deep Elf Fire Elementalist on Jan 7, 2024.
             Was a Follower of Vehumet.
             Killed from afar by an acid dragon (23 damage)
             ... with a splash of acid
             ... on level 7 of the Dungeon.
             The game lasted 00:20:08 (7049 turns).

TheDoctor the Arsonist (Deep Elf Fire Elementalist) Turns: 7049, Time: 00:20:10

Health: -14/45     AC:  7    Str:  5    XL:     9   Next: 44%
Magic:  4/24       EV: 12    Int: 25    God:    Vehumet [*.....]
Gold:   237        SH:  0    Dex: 15    Spells: 17/26 levels left

rFire   . . .        q - +2 whip (freeze)
rCold   . . .        (no shield)
rNeg    . . .        a - +0 robe
rPois   .            (no helmet)
rElec   .            I - +2 cloak
rCorr   .            H - +0 pair of gloves
SInv    .            l - +0 pair of boots
Will    .....        (no amulet)
Stlth   ++           (no ring)
HPRegen 0.27/turn    (no ring)
MPRegen 0.19/turn

%: no passive effects
@: no status effects
A: no striking features
a: Renounce Religion


You were on level 7 of the Dungeon.
You worshipped Vehumet.
Vehumet was aware of your devotion.
You visited 2 branches of the dungeon, and saw 8 of its levels.

You collected 237 gold pieces.

Inventory:

Hand Weapons
 q - a +2 whip of freezing (weapon)
 D - a +1 dagger of venom
 J - a +2 short sword of freezing
Missiles
 f - 21 poisoned darts (quivered)
 F - 2 curare-tipped darts
Armour
 a - a +0 robe (worn)
 l - a +0 pair of boots (worn)
 H - a +0 pair of gloves (worn)
 I - a +2 cloak (worn)
Magical Staves
 g - a staff of air
 t - a staff of cold
Jewellery
 A - a ring of protection from cold
Talismans
 h - a beast talisman
 w - a blade talisman
Wands
 C - a wand of charming (13)
 G - a wand of light (8)
Scrolls
 c - 4 scrolls of noise {unknown}
 i - 4 scrolls of fog {unknown}
 j - a scroll of revelation {unknown}
 k - a scroll of poison {unknown}
 m - 9 scrolls of identify {unknown}
 n - 2 scrolls of immolation {unknown}
 p - 3 scrolls of enchant armour {unknown}
 r - 5 scrolls of teleportation {unknown}
 v - 2 scrolls of fear {unknown}
 y - a scroll of blinking {unknown}
Potions
 b - 2 potions of magic
 d - a potion of haste {unknown}
 e - a potion of lignification {unknown}
 o - 3 potions of heal wounds {unknown}
 s - a potion of enlightenment {unknown}
 u - a potion of might {unknown}
 x - 2 potions of curing {unknown}
 z - 2 potions of ambrosia {unknown}
 B - a potion of resistance {unknown}
 E - a potion of invisibility {unknown}


   Skills:
 - Level 3.6 Maces & Flails
 - Level 2.4 Dodging
 - Level 2.4 Stealth
 + Level 9.2 Spellcasting
 - Level 1.1 Conjurations
 - Level 4.3 Translocations
 + Level 9.7 Fire Magic
 + Level 3.4 Air Magic


You had 17 spell levels left.
You knew the following spells:

 Your Spells              Type           Power      Damage    Failure   Level
a - Foxfire               Conj/Fire      100%       2x1d9     1%          1
b - Scorch                Fire           100%       2d9       1%          2
c - Volatile Blastmotes   Fire/Tloc      92%        2d17      1%          3
d - Swiftness             Air            28%        N/A       3%          3

Your spell library contained the following spells:

 Spells                   Type           Power      Damage    Failure   Level
 Kiss of Death            Conj/Necr      56%        2d9       4%          1
 Inner Flame              Hex/Fire       35%        N/A       2%          3
 Slow                     Hex            44%        N/A       5%          1
 Flame Wave               Conj/Fire      38%        2d10      6%          4
 Ensorcelled Hibernation  Hex/Ice        22%        N/A       9%          2
 Manifold Assault         Tloc           33%        N/A       9%          4
 Confusing Touch          Hex            11%        N/A       16%         3
 Fugue of the Fallen      Necr           11%        N/A       16%         3
 Ozocubu's Armour         Ice            11%        N/A       16%         3
 Passwall                 Erth           11%        N/A       16%         3
 Sigil of Binding         Hex            11%        N/A       16%         3
 Vampiric Draining        Necr           11%        2d6       16%         3


Dungeon Overview and Level Annotations

Branches:
Dungeon (7/15)             Temple (1/1) D:4

Altars:
Ashenzari
Cheibriados
Dithmenos
Elyvilon
Fedhas
Gozag
Hepliaklqana
Kikubaaqudgha
Makhleb
Nemelex Xobeh
Okawaru
Qazlal
Ru
Sif Muna
Trog
Uskayaw
Vehumet
Wu Jian
Xom
Yredelemnul
Zin
The Shining One


Message History

Casting: Scorch (safe; 1% risk of failure)
Confirm with . or Enter, or press ? or * to list all spells.
A cloud of volatile blastmotes flares up around you!
Run!
The cloud of blastmotes explodes!
The concussive blast engulfs the wight!!
You destroy the wight!
Vehumet accepts your kill.
Unknown command.
Casting: Volatile Blastmotes (safe; 1% risk of failure)
Confirm with . or Enter, or press ? or * to list all spells.
A cloud of volatile blastmotes flares up around you!
Run!
You see here a +0 mace.
The cloud of blastmotes explodes!
The concussive blast engulfs the wight!
The wight is severely damaged.
The wight throws a javelin.
The javelin barely misses you.
Casting: Volatile Blastmotes (safe; 1% risk of failure)
Confirm with . or Enter, or press ? or * to list all spells.
A cloud of volatile blastmotes flares up around you!
Run!
The cloud of blastmotes explodes!
The concussive blast engulfs the wight.
You destroy the wight!
Vehumet accepts your kill.
Casting: Volatile Blastmotes (safe; 1% risk of failure)
Confirm with . or Enter, or press ? or * to list all spells.
A cloud of volatile blastmotes flares up around you!
Run!
The acid dragon spits acid at you. The splash of acid hits you!!
Ouch! That really hurt!
* * * LOW HITPOINT WARNING * * *
The cloud of blastmotes explodes!
The concussive blast engulfs the acid dragon!
The acid dragon is moderately wounded.
Okay, then.
Aiming: Charm
Press: ? - help, Shift-Dir - straight line, f - acid dragon
Aim: an acid dragon (moderately wounded, chance to affect: 49%)
The acid dragon resists with some effort.
The acid dragon spits acid at you. The splash of acid hits you!!
Ouch! That really hurt!
You die...

......)...## #[..##.###..###.....
.....)#)...# ##......#..........>
.[..#.#....###.......#...........
....#.................(......)...
....##.###.......................
....##..#.##.......#............#
...###............#..............
..§#####.........###........##...
#.#..###........@..#..#......##..
.§.#..##..............##......#..
#.#.#....##...#..................
._§§....##...###.#....##......)..
#.#.#..)..).D$.D...[)............
.§.#...#..##...............##....
#.#§...##..........##..##.##..#..
....Dz.#...........##..#......#..
.....#........)....##............


You could see an acid dragon (catching breath).

Vanquished Creatures
  An unseen horror (D:7)
  Duvessa (D:4)
  2 water moccasins
  An orc warrior (D:7)
  4 sky beasts
  2 ogres (D:4)
  2 phantoms
  A bullfrog (D:7)
  6 scorpions
  5 wights (D:7)
  Dowan (D:4)
  5 hounds
  3 orc priests
  2 bombardier beetles (D:6)
  A jelly (D:5)
  3 iguanas
  An orc wizard (D:4)
  8 gnolls
  8 adders
  A shadow imp (D:6)
  2 white imps
  6 ufetubi (D:7)
  5 dart slugs
  12 orcs
  7 ball pythons
  11 bats
  9 endoplasms
  5 giant cockroaches
  4 goblins
  6 hobgoblins
  3 jackals (D:1)
  6 kobolds
  3 quokkas
  4 frilled lizards
  5 rats
146 creatures vanquished.

Vanquished Creatures (others)
  304 foxfires
304 creatures vanquished.

Grand Total: 450 creatures vanquished

Notes
Turn   | Place    | Note
-------+----------+-------------------------------------------
     0 | D:1      | TheDoctor the Deep Elf Fire Elementalist began the quest
                  | for the Orb.
     0 | D:1      | Reached XP level 1. HP: 10/10 MP: 6/6
    85 | D:1      | Reached XP level 2. HP: 10/15 MP: 0/8
   394 | D:1      | Learned a level 2 spell: Scorch
   399 | D:1      | Reached XP level 3. HP: 19/19 MP: 5/10
  2241 | D:3      | Reached XP level 4. HP: 20/24 MP: 10/12
  2707 | D:3      | Noticed a scorpion
  2709 | D:3      | Reached skill level 1 in Maces & Flails
  2718 | D:3      | Killed a scorpion
  2719 | D:3      | Reached skill level 5 in Fire Magic
  2719 | D:3      | Reached XP level 5. HP: 25/28 MP: 5/13
  2957 | D:3      | Found a white marble altar of Elyvilon.
  3030 | D:3      | Learned a level 3 spell: Volatile Blastmotes
  3131 | D:3      | Reached skill level 1 in Translocations
  3414 | D:4      | Noticed an ogre
  3423 | D:4      | Killed an ogre
  3424 | D:4      | Reached XP level 6. HP: 32/32 MP: 7/14
  3515 | D:4      | Noticed Duvessa
  3521 | D:4      | Noticed Dowan
  3532 | D:4      | Killed Dowan
  3535 | D:4      | Killed Duvessa
  3561 | D:3      | Reached XP level 7. HP: 17/36 MP: 0/15
  3790 | D:4      | Found a staircase to the Ecumenical Temple.
  3805 | Temple   | Entered the Ecumenical Temple
  3832 | Temple   | Became a worshipper of Vehumet
  4002 | D:4      | Found a broken altar of Ashenzari.
  4043 | D:4      | Found a burning altar of Makhleb.
  4471 | D:5      | Entered Level 5 of the Dungeon
  4643 | D:5      | Reached XP level 8. HP: 41/41 MP: 11/17
  4694 | D:5      | Reached skill level 5 in Spellcasting
  6012 | D:6      | Found a glowing golden altar of the Shining One.
  6014 | D:6      | Noticed an angel
  6026 | D:6      | Found a basalt altar of Yredelemnul.
  6028 | D:6      | Noticed a profane servitor
  6066 | D:6      | Reached * piety under Vehumet
  6066 | D:6      | Offered knowledge of Kiss of Death by Vehumet.
  6072 | D:6      | Learned a level 3 spell: Swiftness
  6201 | D:7      | Found a hide-covered altar of Uskayaw.
  6259 | D:7      | Killed an unseen horror
  6260 | D:7      | Reached skill level 1 in Air Magic
  6260 | D:7      | Reached XP level 9. HP: 24/45 MP: 10/23
  6558 | D:7      | HP: 1/45 [orc warrior/boomerang (9)]
  6862 | D:7      | Found a shadowy altar of Dithmenos.
  7049 | D:7      | Killed from afar by an acid dragon

Illustrated notes

Levels and vault maps discovered:
D:1:      dpeg_arrival_subterranean_lakeside_camping, layout_basic, st_stairs_4,
          minmay_misc_feat_hallway, minmay_nonomino_d4
D:2:      layout_loops_corners, glass_columns_b
D:3:      layout_loops_corners, nicolae_elyvilon_temple_path,
          minmay_misc_feat_tower
D:4:      layout_rooms, grunt_temple_overflow_open, temple_fountains,
          uniq_duvessa
D:5:      layout_cave_pools
D:6:      layout_cave_pools, grunt_temple_overflow_holy_war,
          minmay_stone_trees_small, minmay_misc_feat_pillars
D:7:      layout_cave_pools, grunt_dithmenos_smoke_and_mirrors,
          nicolae_uskayaw_dance_hall, kennysheep_generic_room_15
Temple:   bh_familiar_temple

Skill      XL: |  1  2  3  4  5  6  7  8  9 |
---------------+----------------------------+-----
Spellcasting   | 4 8 9 |  9.2
Fire Magic     | 4 5 6 7 9 |  9.7
Maces & Flails | 1 2 3 |  3.6
Translocations | 2 3 4 |  4.3
Air Magic      | 1 3 |  3.4
Dodging        | |  2.4
Stealth        | |  2.4
Conjurations   | |  1.1

Action                     |  1- 3 |  4- 6 |  7- 9 || total
---------------------------+-------+-------+-------++-------
  Melee: Whip              |    20 |    11 |     7 ||    38
         Short sword       |     6 |       |       ||     6
  Throw: Dart              |       |     1 |       ||     1
   Cast: Foxfire           |    69 |    32 |    89 ||   190
         Scorch            |     2 |    16 |    81 ||    99
         Volatile Blastmot |       |     4 |    14 ||    18
  Evoke: Wand              |       |       |     1 ||     1
 Armour: Robe              |    32 |    17 |    41 ||    90
  Dodge: Dodged            |    29 |    23 |    23 ||    75

Table legend: (Time is in decaauts)
 A = Elapsed time spent in this place.
 B = Non-inter-level travel time spent in this place.
 C = Inter-level travel time spent in this place.
 D = Time resting spent in this place.
 E = Time spent auto-exploring this place.
 F = Levels seen in this place.
 G = Mean time per level.
                   A        B        C        D        E       F      G
               +--------+--------+--------+--------+--------+-----+--------+
         Total |   7054 |   6755 |    299 |   1466 |   4003 |   8 |  881.8 |
       Dungeon |   7000 |   6748 |    252 |   1466 |   4003 |   7 | 1000.0 |
        Temple |     53 |      6 |     47 |      0 |      0 |   1 |   53.0 |
               +--------+--------+--------+--------+--------+-----+--------+

Top non-repeatable levels by time:
     D:3: 1511 daAuts
     D:1: 1004 daAuts
     D:4: 983 daAuts
     D:6: 962 daAuts
     D:2: 936 daAuts
     D:5: 814 daAuts
     D:7: 788 daAuts
  Temple: 53 daAuts
